 Dungeon Crawl Stone Soup version 0.30-a0-718-geaa24f58ff (webtiles) character file.

Game seed: 12730310551563491085

54 voltaire321 the Stinger (level 3, -1/22 HPs)
             Began as an Octopode Venom Mage on Jan 26, 2023.
             Slain by a gnoll
             ... wielding a +0 flail
              (10 damage)
             ... on level 2 of the Dungeon.
             The game lasted 00:04:35 (1052 turns).

voltaire321 the Stinger (Octopode Venom Mage)       Turns: 1052, Time: 00:04:36

Health: -1/22      AC:  1    Str:  7    XL:     3   Next: 91%
Magic:  4/6        EV: 13    Int: 19    God:
Gold:   50         SH:  0    Dex: 12    Spells: 3/6 levels left

rFire   . . .      SeeInvis .    e - +0 rapier
rCold   . . .      Faith    .    (no shield)
rNeg    . . .      Spirit   .    (helmet restricted)
rPois   .          Reflect  .    (no amulet)
rElec   .          Harm     .    b - ring of wizardry
rCorr   .          Rampage  .    (no ring)
Will    .....                    (no ring)
Stlth   +++                      (no ring)
HPRegen 0.23/turn                (no ring)
MPRegen 0.10/turn                (no ring)
                                 (no ring)
                                 (no ring)

@: no status effects
A: almost no armour, amphibious, 8 rings, camouflage 1, gelatinous body 1,
(nimble swimmer 1), tentacles
a: no special abilities


You were on level 2 of the Dungeon.
You visited 1 branch of the dungeon, and saw 2 of its levels.

You collected 50 gold pieces.

Inventory:

Hand Weapons
 e - a +0 rapier (weapon)
Jewellery
 b - a ring of wizardry (left tentacle)
Scrolls
 c - a scroll of immolation {unknown}
 d - a scroll of identify {unknown}
 g - a scroll of magic mapping {unknown}
 h - a scroll of teleportation {unknown}
Potions
 a - a potion of magic
 f - 3 potions of might {unknown}


   Skills:
 + Level 0.6 Fighting
 + Level 2.4 Dodging
 - Level 3.1 Stealth
 + Level 2.4 Spellcasting
 + Level 1.6 Transmutations
 + Level 0.5 Air Magic
 + Level 4.1 Poison Magic


You had 3 spell levels left.
You knew the following spells:

 Your Spells              Type           Power      Damage    Failure   Level
a - Sting                 Tmut/Pois      52%        1d5       1%          1
b - Poisonous Vapours     Pois/Air       22%        N/A       4%          2

Your spell library contained the following spells:

 Spells                   Type           Power      Damage    Failure   Level
 Mephitic Cloud           Conj/Pois/Air  8%         N/A       11%         3
 Olgreb's Toxic Radiance  Pois           17%        N/A       12%         4


Dungeon Overview and Level Annotations

Branches:
Dungeon (2/15)

Altars:

Shops:
D:1 :   D:2 =


Innate Abilities, Weirdness & Mutations

You cannot wear most types of armour.
You are amphibious.
You can wear up to eight rings at the same time.
Your skin changes colour to match your surroundings (Stealth+).
Your rubbery body absorbs attacks. (AC +1, EV +1)
((You are camouflaged when in or above water. (Stealth+)))
You have tentacles for arms and can constrict up to eight enemies at once.


Message History

The gnoll is lightly wounded.
You constrict the gnoll, but do no damage.
The gnoll misses you.
You hit the gnoll but do no damage. You squeeze the gnoll.
The gnoll is severely wounded.
You constrict the gnoll, but do no damage.
The gnoll hits you with a +0 club!
The gnoll hits you from afar with a +0 spear.
You hit the gnoll.
You kill the gnoll!
The gnoll hits you from afar with a +0 spear.
* * * LOW HITPOINT WARNING * * *
The gnoll barely misses you.
There is an open door here.
You see here a +0 club.
You hit the gnoll. You grab the gnoll. You squeeze the gnoll.
You kill the gnoll!
You start resting.
Magic restored.
You start resting.
A gnoll is nearby!
The gnoll shouts!
The gnoll throws a throwing net.
The throwing net closely misses you.
You see here a +0 spear.
Aiming: Sting (safe; 1% risk of failure)
Press: ? - help, Q - select action, (/) - cycle Shift-Dir - straight line, f - gnoll
Aim: a gnoll, wielding a +0 flail (75% to hit)
The sting hits the gnoll.
The gnoll is poisoned.
The gnoll is moderately wounded.
Aiming: Sting (safe; 1% risk of failure)
Press: ? - help, Q - select action, (/) - cycle Shift-Dir - straight line, f/p - gnoll
Aim: a gnoll, wielding a +0 flail (heavily wounded, poisoned, 75% to hit)
The sting hits the gnoll.
The gnoll looks even sicker.
The gnoll is severely wounded.
You barely miss the gnoll. Your grab misses the gnoll.
The gnoll is severely wounded.
The gnoll hits you with a +0 flail!
Ouch! That really hurt!
The gnoll hits you with a +0 flail!
You die...

g.....########
...).#..<...#
... #.####.#
#.# #.# #.#
#.# #.# ###
#.# #.#
#.###(###
#.##.)..#
#g##.@..#
#g##.g..#
#.##....#
#.##....#
#..'....#
####....#
#....# ######


You could see a gnoll (very poisoned).

Vanquished Creatures
  3 gnolls (D:2)
  2 giant cockroaches (D:1)
  4 hobgoblins (D:1)
  3 jackals (D:1)
  2 ball pythons (D:1)
  4 bats (D:1)
  6 kobolds (D:1)
  4 rats (D:1)
28 creatures vanquished.

Notes
Turn   | Place    | Note
-------+----------+-------------------------------------------
     0 | D:1      | voltaire321 the Octopode Venom Mage began the quest for the
                  | Orb.
     0 | D:1      | Reached XP level 1. HP: 11/11 MP: 3/3
   173 | D:1      | Reached XP level 2. HP: 17/17 MP: 1/5
   334 | D:1      | Found Pomimac's Book Shoppe.
   439 | D:1      | Learned a level 2 spell: Poisonous Vapours
   612 | D:1      | Reached XP level 3. HP: 19/21 MP: 3/6
   720 | D:1      | Reached skill level 4 in Poison Magic
   962 | D:2      | Found Hakeewaf's Jewellery Emporium.
  1052 | D:2      | Slain by a gnoll

Illustrated notes

Levels and vault maps discovered:
D:1:      amcnicky_arrival_blooded_trapdoor, layout_loops_ring, serial_shops,
          shop
D:2:      layout_basic, serial_shops, shop, uniq_robin

Skill      XL: |  1  2  3 |
---------------+----------+-----
Stealth        | 3 |  3.1
Poison Magic   | 4 |  4.1
Fighting       | |  0.6
Dodging        | |  2.4
Spellcasting   | |  2.4
Transmutations | |  1.6
Air Magic      | |  0.5

Action                     || total
---------------------------++-------
  Melee: Constrict         ||     8
         Dagger            ||     4
         Unarmed           ||     3
         Tentacles         ||     4
         Rapier            ||    15
   Cast: Sting             ||    29
         Poisonous Vapours ||     3
  Dodge: Dodged            ||    15

Table legend: (Time is in decaauts)
 A = Elapsed time spent in this place.
 B = Non-inter-level travel time spent in this place.
 C = Inter-level travel time spent in this place.
 D = Time resting spent in this place.
 E = Time spent auto-exploring this place.
 F = Levels seen in this place.
 G = Mean time per level.
                   A        B        C        D        E       F      G
               +--------+--------+--------+--------+--------+-----+--------+
         Total |   1053 |    994 |     59 |     72 |    722 |   2 |  526.5 |
       Dungeon |   1053 |    994 |     59 |     72 |    722 |   2 |  526.5 |
               +--------+--------+--------+--------+--------+-----+--------+

Top non-repeatable levels by time:
     D:1: 927 daAuts
     D:2: 125 daAuts
